Map: Dusk Towers

Players

Kanade

  • Race: Terran Terran
  • League: Master

Ailee (Azure) - Winner!

  • Race: Terran Terran
  • League: Master

VOD

Have the link to the VOD?

Description

Time

  • Played on: Nov. 15, 2015, 8:37 p.m.
  • Length: 11:46
Show
View Real Time Build Order
Export as new Build Order

Kanade Terran 

Build Orders: Reaper Expand, Bio Tank, MMM Bio 

Get SALT Encoding   

  12  0:01  SCV  
  13  0:13  SCV  
  14  0:17  Supply Depot  
  14  0:25  SCV  
  15  0:39  SCV  
  15  0:41  Barracks  
  16  0:47  Refinery  
  16  0:51  SCV  
  17  1:03  SCV  
  18  1:15  SCV  
  19  1:29  Orbital Command  
  19  1:30  Reaper  
  20  1:45  Command Center  
  20  1:51  Supply Depot  
  20  1:55  SCV  
  21  2:04  Barracks Reactor  
  21  2:08  SCV  
  22  2:09  Refinery  
  22  2:20  SCV  
  23  2:26  Factory  
  23  2:32  SCV  
  24  2:42  Marine x2  
  26  2:44  SCV  
  27  2:56  SCV  
  27  2:58  Orbital Command  
  28  3:00  Marine x2  
  30  3:08  SCV  
  30  3:11  Starport  
  30  3:12  Factory Tech Lab  
  31  3:18  Marine x2  
  33  3:20  SCV  
  34  3:28  SCV  
  34  3:33  SCV, Cyclone, Supply Depot  
  38  3:35  Marine  
  38  3:37  Marine  
  40  3:41  SCV  
  40  3:46  SCV  
  40  3:48  Medivac  
  44  3:53  Marine  
  44  3:54  SCV  
  44  3:55  Marine  
  47  3:56  Supply Depot  
  47  3:59  SCV  
  47  4:00  Engineering Bay  
  48  4:06  SCV  
  48  4:08  Siege Tank  
  52  4:11  Marine  
  52  4:12  SCV  
  54  4:18  SCV  
  54  4:19  Supply Depot  
  54  4:22  Marine  
  54  4:24  SCV  
  57  4:27  Missile Turret  
  57  4:31  Missile Turret  
  57  4:32  Missile Turret  
  57  4:33  Marine  
  57  4:36  Viking  
  57  4:37  SCV  
  61  4:40  SCV  
  61  4:42  Marine  
  63  4:49  SCV  
  64  4:53  SCV  
  64  4:54  Supply Depot x2  
  64  4:55  Marine  
  66  5:00  Siege Tank  
  69  5:11  Barracks  
  69  5:13  SCV  
  70  5:15  Barracks  
  70  5:20  Marine  
  71  5:22  Viking  
  71  5:28  SCV  
  71  5:30  SCV, Marine  
  71  5:32  Terran Infantry Weapons Level 1  
  71  5:33  Refinery  
  71  5:34  Supply Depot, Refinery  
  74  5:38  Marine  
  74  5:40  SCV  
  76  5:48  Marine  
  76  5:49  Siege Tank  
  80  5:56  Marine  
  81  5:58  SCV  
  81  6:00  Barracks Tech Lab  
  81  6:01  Barracks Tech Lab  
  83  6:04  SCV  
  83  6:06  Marine  
  83  6:09  Supply Depot  
  84  6:11  Command Center  
  84  6:13  SCV  
  84  6:17  Starport Reactor  
  86  6:21  Combat Shields, Stimpack, Supply Depot  
  86  6:24  Supply Depot  
  87  6:27  Marine x2  
  87  6:31  Marine x2  
  89  6:37  SCV  
  90  6:41  Siege Tank  
  90  6:43  SCV  
  90  6:45  Marine x2  
  96  6:49  Marine x2  
  98  6:54  Medivac  
  98  6:55  Medivac  
  102  7:03  Marine x2  
  102  7:06  Marine x2  
  106  7:20  Marine  
  107  7:23  Marine  
  107  7:24  Barracks  
  107  7:27  Medivac x2  
  107  7:28  Barracks, Marine  
  113  7:31  Marine  
  113  7:35  Terran Infantry Armor Level 1  
  113  7:37  SCV x2  
  116  7:39  Marine  
  116  7:41  Siege Tank  
  120  7:49  SCV  
  121  7:53  Marine  
  121  7:57  SCV, Orbital Command  
  122  8:00  Marine  
  122  8:01  SCV  
  122  8:02  Marine  
  125  8:07  Medivac  
  125  8:09  SCV  
  125  8:11  Barracks Reactor  
  128  8:13  SCV  
  128  8:14  Marine  
  128  8:16  Barracks Reactor  
  130  8:21  Marine x2  
  130  8:22  SCV  
  133  8:27  Supply Depot  
  133  8:36  SCV, Marine x2  
  133  8:39  Marine x2  
  101  8:49  Marine x2  
  101  8:52  Marine  
  101  8:53  Marine  
  101  8:54  Siege Tank, Marine  
  97  8:57  Marine x2  
  97  8:59  Medivac x2  
  97  9:00  SCV  
  97  9:01  SCV  
  106  9:07  Marine  
  106  9:11  Marine x2  
  106  9:12  Armory, Marine x2  
  106  9:13  Marine  
  110  9:17  Engineering Bay, Marine  
  110  9:19  Marine  
  112  9:24  Marine  
  112  9:28  Barracks  
  112  9:29  Barracks x2, Marine x4  
  117  9:31  Marine  
  117  9:35  Marine  
  117  9:37  Marine  
  119  9:42  Marine  
  120  9:47  Marine  
  120  9:49  Marine  
  120  9:50  Marine x3  
  125  9:52  Marine  
  125  9:55  Marine  
  125  9:56  Refinery  
  127  10:00  Marine  
  127  10:04  Marine  
  129  10:07  Marine  
  129  10:08  Marine x3  
  129  10:09  Siege Tank  
  129  10:10  Marine  
  129  10:13  Marine  
  138  10:15  Supply Depot  
  138  10:16  Barracks Reactor x2  
  138  10:17  Barracks Reactor, Supply Depot  
  138  10:20  Supply Depot, Marine  
  139  10:25  Supply Depot  
  139  10:26  Marine x2  
  141  10:36  Marine x5  
  141  10:37  Marine  
  144  10:44  Marine  
  135  10:55  Marine x3  
  117  10:57  Marine x2  
  117  10:58  Marine  
  117  11:00  Marine  
  117  11:01  Marine  
  117  11:02  Siege Tank, Marine  
  126  11:04  Marine  
  126  11:05  Marine  
  126  11:06  Marine  
  126  11:10  Marine  
  126  11:11  Marine  
  131  11:13  Marine x3  
  131  11:15  Marine  
  131  11:16  Marine  
  131  11:17  Marine  
  137  11:18  Marine  
  137  11:19  Marine  
  137  11:23  Marine x2  
  137  11:24  Marine x2  
  143  11:28  Marine  
Show
View Real Time Build Order
Export as new Build Order

Ailee Terran - Winner!

Build Orders: Banshee Rush 

Get SALT Encoding   

  12  0:01  SCV  
  13  0:13  SCV  
  14  0:17  Supply Depot  
  14  0:26  SCV  
  15  0:39  SCV, Refinery  
  16  0:44  Barracks  
  16  0:51  SCV  
  17  1:03  SCV  
  18  1:15  SCV  
  19  1:32  Marine, Orbital Command  
  20  1:51  Marine  
  21  1:56  Command Center  
  21  2:00  Factory  
  21  2:04  SCV  
  22  2:15  Supply Depot  
  21  2:16  SCV  
  21  2:19  Marine  
  23  2:33  Refinery  
  23  2:36  SCV  
  24  2:43  Marine  
  25  2:45  Factory Tech Lab  
  25  2:46  Starport  
  25  2:49  SCV  
  26  3:01  SCV  
  27  3:13  SCV, Marine  
  27  3:16  Orbital Command  
  29  3:25  SCV  
  30  3:30  Widow Mine  
  30  3:31  Banshee, Cloaking Field  
  35  3:36  Supply Depot  
  35  3:37  SCV  
  36  3:46  SCV  
  37  3:48  Barracks Reactor  
  37  3:49  SCV  
  39  4:02  SCV  
  39  4:11  SCV  
  39  4:13  Factory Tech Lab  
  39  4:15  SCV  
  41  4:18  Raven  
  41  4:19  Command Center, Engineering Bay  
  41  4:22  Supply Depot  
  41  4:23  SCV  
  44  4:27  SCV  
  44  4:29  Marine x2  
  47  4:35  SCV  
  48  4:39  SCV  
  48  4:41  Siege Tank  
  52  4:46  Supply Depot  
  52  4:47  SCV  
  52  4:49  Marine x2  
  52  4:51  SCV  
  56  4:58  Refinery  
  56  4:59  Supply Depot  
  57  5:00  SCV  
  57  5:03  SCV  
  58  5:12  SCV  
  56  5:15  SCV  
  56  5:20  Marine  
  53  5:24  SCV  
  53  5:28  SCV  
  53  5:34  Orbital Command  
  53  5:35  Viking x2  
  58  5:36  SCV  
  58  5:37  Marine  
  58  5:40  Siege Tank  
  58  5:41  SCV  
  64  5:48  SCV  
  65  5:53  SCV  
  66  6:00  SCV  
  66  6:01  SCV  
  68  6:05  SCV  
  68  6:06  Supply Depot  
  68  6:09  Marine  
  70  6:12  SCV  
  70  6:16  Barracks x2  
  71  6:19  Refinery, Starport Reactor  
  71  6:23  SCV x2  
  71  6:24  Supply Depot, SCV  
  74  6:27  Marine  
  75  6:35  Supply Depot, SCV x2  
  75  6:36  SCV  
  78  6:44  Barracks  
  78  6:45  Barracks  
  78  6:47  Marine  
  78  6:48  SCV  
  78  6:49  Supply Depot  
  78  6:50  Terran Infantry Weapons Level 1  
  78  6:51  Orbital Command  
  78  6:53  Supply Depot  
  80  6:57  Siege Tank  
  80  7:01  SCV  
  84  7:03  Starport Reactor  
  84  7:09  Missile Turret  
  84  7:10  SCV, Supply Depot  
  84  7:12  Marine x2  
  84  7:13  SCV  
  88  7:16  Marine  
  88  7:17  Stimpack  
  88  7:19  SCV  
  88  7:22  SCV  
  89  7:25  SCV  
  89  7:29  Missile Turret  
  90  7:31  SCV  
  90  7:32  Barracks Reactor  
  90  7:33  Barracks Reactor  
  90  7:34  Marine  
  90  7:35  Marine x4  
  90  7:36  SCV  
  97  7:39  SCV  
  99  7:44  SCV  
  99  7:46  Siege Tank  
  99  7:47  Medivac x2  
  106  7:52  Supply Depot, Marine x2  
  106  7:55  Missile Turret, Marine  
  106  7:57  Refinery, Marine x2  
  111  8:04  Missile Turret  
  111  8:06  SCV  
  111  8:10  Marine x2  
  111  8:11  Marine x3  
  111  8:12  Marine  
  118  8:15  SCV  
  118  8:17  Medivac x2  
  118  8:18  Siege Tank  
  126  8:22  Supply Depot  
  126  8:25  Marine x3  
  126  8:26  SCV  
  130  8:28  Marine  
  130  8:30  Supply Depot  
  123  8:44  Terran Infantry Armor Level 1  
  103  8:56  Marine x4  
  103  8:57  Marine x3  
  103  8:59  Siege Tank  
  113  9:04  Marine x2  
  113  9:06  Command Center  
  115  9:16  Marine x4  
  115  9:17  Medivac, Marine x2  
  119  9:18  Medivac  
  119  9:23  Barracks x2  
  125  9:24  Supply Depot, Barracks  
  125  9:25  Armory  
  125  9:26  Supply Depot, Factory  
  125  9:27  Marine x2  
  125  9:31  Siege Tank, Sensor Tower  
  127  9:32  Combat Shields  
  127  9:33  Marine  
  127  9:34  Marine  
  132  9:39  Marine x3  
  132  9:40  Marine x2  
  132  9:45  Marine  
  137  9:47  Medivac x2  
  137  9:49  Refinery, Marine  
  137  9:51  Marine  
  137  9:52  Marine  
  145  9:54  Missile Turret  
  145  9:57  Marine x2  
  146  10:03  Marine  
  146  10:04  Marine x3  
  146  10:05  Missile Turret x2  
  150  10:11  Marine x2  
  150  10:13  Marine  
  156  10:15  Barracks Tech Lab x2, Marine  
  156  10:17  Barracks Reactor x3  
  156  10:18  Factory Tech Lab  
  156  10:21  Supply Depot  
  154  10:28  Marine x2  
  154  10:31  Marine x2  
  154  10:32  Marine x3  
  134  10:53  Orbital Command  
  134  10:56  Marine x2  
  118  11:05  Marine  
  118  11:06  Marine x3  
  122  11:17  Missile Turret  
  122  11:18  Missile Turret  
  122  11:19  Marine x2  
  122  11:20  Marine x5  
  129  11:26  Marine  
Tags
 
Composition
Bio TankMMM Bio
Matchup
TvT
Player
Azure
Race
Terran
Replay Pack
ReplayyLmao
Strategy
Banshee Rush
Add a new tag
Caveats
  • Supply blocks, unpowered buildings, or Contaminate may cause inaccurate times.
  • Supply counts are checked every 10 seconds.